Map: Disco Bloodbath LE

Players

Seither

  • Race: Terran Terran
  • Spawn Location: 9:00

EGDisruptor (goblin) - Winner!

  • Race: Protoss Protoss
  • Spawn Location: 3:00

Event: NationWars 2019

VOD

Have the link to the VOD?

Description

Time

  • Played on: Oct. 4, 2019, 2:25 p.m.
  • Length: 12:02
Show
View Real Time Build Order
Export as new Build Order

Seither Terran 

Build Orders: Reaper Expand 

Get SALT Encoding   

  12  0:00  SCV  
  13  0:13  SCV  
  14  0:17  Supply Depot  
  14  0:25  SCV  
  15  0:39  SCV  
  15  0:42  Barracks  
  16  0:46  Refinery  
  16  0:54  SCV  
  17  1:06  SCV  
  19  1:18  SCV  
  19  1:30  Reaper  
  19  1:32  Orbital Command  
  20  1:42  Command Center  
  20  1:55  Supply Depot  
  20  1:59  SCV  
  21  2:05  Marine  
  22  2:10  Factory  
  22  2:13  SCV  
  23  2:20  Bunker  
  23  2:26  Barracks Reactor  
  23  2:27  SCV  
  24  2:31  Refinery  
  24  2:39  SCV  
  25  2:51  SCV  
  26  2:55  Orbital Command  
  26  2:59  Starport  
  26  3:03  SCV  
  26  3:05  Marine  
  30  3:06  Marine  
  30  3:11  Factory Tech Lab  
  29  3:15  SCV  
  30  3:22  SCV  
  30  3:24  Marine x2  
  33  3:27  SCV  
  33  3:30  Cyclone  
  37  3:34  SCV  
  37  3:38  Viking  
  37  3:39  SCV  
  41  3:46  SCV  
  41  3:48  Supply Depot  
  41  3:50  Marine x2  
  41  3:51  SCV  
  44  3:58  SCV  
  44  3:59  Supply Depot  
  45  4:03  SCV  
  49  4:10  Cyclone, Viking  
  49  4:11  SCV, Supply Depot  
  49  4:14  Marine x2  
  54  4:27  SCV x2  
  56  4:32  Marine x2  
  56  4:33  Supply Depot  
  58  4:39  SCV x2  
  58  4:42  Cyclone  
  58  4:43  Viking  
  65  4:50  Marine x2  
  67  4:53  Barracks, SCV x2  
  67  4:56  Barracks  
  69  5:00  Supply Depot  
  69  5:08  Marine x2  
  69  5:09  SCV x2  
  69  5:12  Engineering Bay  
  69  5:13  Refinery  
  73  5:16  Cyclone  
  73  5:19  Viking  
  78  5:23  Supply Depot  
  78  5:25  SCV x2  
  73  5:42  Marine  
  61  5:43  Marine, Barracks Tech Lab x2  
  61  5:46  Missile Turret x2, Refinery  
  61  5:48  SCV x2  
  62  5:53  Terran Infantry Weapons Level 1  
  62  5:54  Bunker  
  59  6:00  SCV, Starport Reactor  
  59  6:01  SCV  
  61  6:06  Stimpack  
  61  6:07  Marauder  
  63  6:12  Marauder  
  63  6:13  SCV x2  
  63  6:15  Supply Depot  
  63  6:16  Marine  
  67  6:27  SCV x2  
  67  6:30  Combat Shield, Marine  
  67  6:31  Marauder  
  71  6:33  Marine  
  72  6:40  Medivac x2  
  76  6:49  Command Center  
  76  6:52  Marine x2  
  78  6:55  Marauder  
  78  6:56  Marauder  
  82  7:07  Barracks, SCV  
  82  7:08  SCV  
  84  7:09  Barracks, Siege Tank  
  85  7:19  Supply Depot, Marine  
  85  7:20  SCV x2, Marauder, Marine  
  91  7:26  Marauder  
  91  7:29  Medivac  
  95  7:31  Medivac  
  88  7:37  SCV x2  
  88  7:42  Siege Tank, Marauder, Marine x2  
  97  7:46  Supply Depot  
  97  7:47  Marauder  
  97  7:50  Concussive Shells  
  97  7:51  Terran Infantry Armor Level 1  
  99  7:56  Barracks Reactor, Barracks Tech Lab  
  99  7:58  SCV  
  99  7:59  SCV  
  99  8:03  Orbital Command  
  101  8:06  Marine x2  
  101  8:07  Marauder  
  101  8:09  Marauder  
  107  8:15  Siege Tank  
  109  8:32  Marine  
  109  8:33  Marauder x3, Marine  
  115  8:34  Missile Turret  
  115  8:36  Orbital Command, Medivac  
  115  8:37  Medivac  
  114  8:49  SCV  
  114  8:50  SCV  
  114  8:52  Marine x3  
  114  8:53  Siege Tank  
  121  9:03  Missile Turret, SCV x2  
  121  9:04  Marine x2  
  121  9:05  Marauder x2  
  129  9:12  SCV  
  129  9:13  Marine x2  
  129  9:15  SCV  
  133  9:27  Supply Depot  
  133  9:28  Marauder x2, Marine x2  
  133  9:30  Command Center  
  139  9:34  Liberator  
  139  9:35  Liberator  
  139  9:36  SCV x2  
  139  9:37  Refinery  
  133  9:38  Refinery  
  133  9:40  Factory  
  133  9:42  Factory  
  133  9:45  Marauder, Marine  
  125  9:50  Marauder  
  125  9:52  Marine x2  
  133  9:53  SCV  
  136  10:01  Supply Depot  
  136  10:02  Supply Depot  
  136  10:06  SCV x2  
  136  10:08  Marine x3  
  136  10:09  Missile Turret, Marauder  
  136  10:10  Siege Tank  
  144  10:16  SCV  
  144  10:18  SCV x2  
  147  10:24  Supply Depot  
  146  10:31  Factory Tech Lab x2  
  146  10:32  Marauder, Marine x2  
  146  10:33  Marauder  
  152  10:38  Supply Depot  
  152  10:42  Supply Depot, Siege Tank  
  155  10:50  Marine  
  155  10:51  Marine  
  155  10:53  Siege Tank x2  
  155  10:55  Armory  
  163  10:57  Engineering Bay  
  163  10:58  Sensor Tower  
  163  11:10  Marine x3  
  149  11:11  Marauder  
  149  11:15  Command Center  
  135  11:28  Marauder, Marine x2  
  135  11:29  Marine  
  135  11:30  Marine  
  115  11:32  Marauder  
  90  11:40  Marine  
  90  11:44  SCV x3  
Show
View Real Time Build Order
Export as new Build Order

EGDisruptor Protoss - Winner!

Build Orders: 1 Gate Expand, Phoenix Opening 

Get SALT Encoding   

  12  0:00  Probe  
  13  0:12  Probe  
  14  0:18  Pylon  
  14  0:24  Probe (Chrono Boost)  
  15  0:37  Probe (Chrono Boost)  
  15  0:38  Gateway  
  16  0:45  Probe (Chrono Boost)  
  16  0:46  Assimilator  
  17  0:51  Probe  
  18  1:03  Probe  
  19  1:15  Probe  
  20  1:25  Cybernetics Core  
  20  1:34  Nexus  
  20  1:42  Pylon  
  20  1:44  Probe  
  21  1:53  Assimilator  
  21  1:56  Probe  
  21  2:00  Adept (Chrono Boost)  
  24  2:09  Probe  
  25  2:19  Stargate  
  25  2:21  Probe  
  26  2:23  Adept  
  28  2:33  Probe (Chrono Boost)  
  29  2:42  Warp Gate  
  29  2:45  Probe (Chrono Boost)  
  29  2:48  Probe (Chrono Boost)  
  30  2:54  Probe (Chrono Boost)  
  30  2:55  Probe (Chrono Boost)  
  30  2:56  Adept  
  34  3:00  Probe (Chrono Boost)  
  35  3:06  Phoenix (Chrono Boost)  
  35  3:09  Probe  
  35  3:11  Probe  
  39  3:15  Pylon  
  39  3:21  Probe  
  39  3:23  Probe  
  39  3:24  Phoenix (Chrono Boost)  
  43  3:29  Assimilator  
  43  3:33  Probe  
  44  3:35  Robotics Facility  
  44  3:39  Probe  
  45  3:45  Probe  
  46  3:49  Assimilator  
  46  3:50  Phoenix  
  46  3:54  Probe (Chrono Boost)  
  49  3:59  Probe (Chrono Boost)  
  49  4:02  Pylon  
  50  4:07  Gateway  
  50  4:09  Probe (Chrono Boost), Gateway  
  51  4:10  Probe (Chrono Boost)  
  51  4:16  Probe  
  53  4:19  Probe  
  54  4:24  Phoenix (Chrono Boost)  
  54  4:28  Probe  
  54  4:30  Pylon  
  54  4:31  Probe  
  58  4:38  Immortal  
  62  4:44  Pylon  
  62  4:47  Phoenix (Chrono Boost)  
  64  4:58  Stalker  
  66  5:07  Phoenix (Chrono Boost)  
  66  5:14  Pylon x2, Zealot, Stalker  
  68  5:18  Observer  
  68  5:20  Robotics Bay  
  73  5:24  Phoenix, Zealot  
  73  5:39  Probe  
  72  5:45  Probe  
  72  5:48  Pylon  
  73  5:51  Probe  
  73  5:55  Observer (Chrono Boost)  
  75  5:59  Probe  
  75  6:00  Nexus  
  75  6:01  Pylon  
  76  6:04  Sentry  
  76  6:05  Stalker, Sentry  
  76  6:08  Colossus (Chrono Boost)  
  88  6:17  Forge  
  88  6:20  Pylon  
  88  6:21  Probe x2, Observer  
  90  6:34  Extended Thermal Lance  
  90  6:42  Gateway x2  
  90  6:44  Gateway  
  90  6:46  Phoenix  
  92  6:50  Colossus (Chrono Boost)  
  98  7:01  Stalker  
  98  7:02  Zealot  
  100  7:11  Observer  
  100  7:20  Protoss Ground Weapons Level 1  
  100  7:21  Probe x2  
  103  7:22  Probe  
  103  7:23  Stalker  
  105  7:30  Colossus (Chrono Boost)  
  105  7:33  Probe (Chrono Boost)  
  106  7:42  Pylon  
  106  7:43  Probe (Chrono Boost)  
  106  7:44  Probe (Chrono Boost)  
  115  7:45  Probe (Chrono Boost)  
  115  7:46  Phoenix  
  117  7:52  Probe (Chrono Boost)  
  117  7:54  Probe, Assimilator  
  117  7:57  Shield Battery  
  119  8:05  Twilight Council  
  119  8:11  Colossus (Chrono Boost), Probe x2  
  121  8:14  Assimilator  
  121  8:17  Pylon  
  127  8:21  Phoenix  
  129  8:31  Probe x2  
  129  8:32  Probe  
  132  8:36  Gateway  
  132  8:38  Gateway  
  132  8:40  Pylon  
  132  8:43  Probe  
  132  8:46  Observer  
  133  8:50  Phoenix  
  133  8:51  Stalker x2, Zealot x2  
  143  8:57  Immortal  
  143  8:58  Blink (Chrono Boost)  
  147  9:03  Pylon x2  
  147  9:11  Stalker  
  147  9:12  Sentry  
  151  9:33  Protoss Ground Weapons Level 2 (Chrono Boost)  
  151  9:34  Phoenix  
  151  9:36  Warp Prism  
  147  9:56  Stalker x5  
  147  9:57  Stalker x3  
  163  10:06  Phoenix  
  165  10:08  Pylon  
  165  10:11  Pylon, Gravitic Drive  
  165  10:12  Templar Archives, Nexus, Forge  
  165  10:37  Zealot x4  
  165  10:38  Stalker x3  
  165  10:39  Stalker  
  181  10:51  Immortal  
  185  10:57  Pylon  
  173  11:19  Stalker x4, Zealot  
  173  11:20  Zealot x2  
  172  11:34  Stalker  
Tags
 
Add a new tag
Caveats
  • Supply blocks, unpowered buildings, or Contaminate may cause inaccurate times.
  • Supply counts are checked every 10 seconds.